 Dungeon Crawl Stone Soup version 0.25.0-11-g1f837a7 (webtiles) character file.

Game seed: 6471650148701837189

33 shmeve the Skirmisher (level 3, 0/24 HPs)
             Began as a Gargoyle Berserker on June 24, 2020.
             Was a Follower of Trog.
             Slain by an adder (1 damage)
             ... on level 2 of the Dungeon.
             The game lasted 00:00:59 (1065 turns).

shmeve the Skirmisher (Gargoyle Berserker)          Turns: 1065, Time: 00:00:59

Health: 0/24       AC:  5    Str: 20    XL:     3   Next: 29%
Magic:  3/3        EV: 12    Int:  7    God:    Trog [*.....]
Gold:   58         SH:  0    Dex: 10    Spells: 2/2 levels left

rFire    . . .     SeeInvis .   a - +0 hand axe
rCold    . . .     Gourm    .   (no shield)
rNeg     + . .     Faith    .   b - +0 animal skin
rPois    ∞         Spirit   .   (no helmet)
rElec    +         Reflect  .   (no cloak)
rCorr    .         Harm     .   (no gloves)
MR       .....                  (no boots)
Stlth    +.........             (no amulet)
HPRegen  0.08/turn              (no ring)
MPRegen  0.08/turn              (no ring)

@: berserk cooldown, slowed, very slow
A: negative energy resistance 1, electricity resistance, unbreathing,
petrification resistance, rot immunity, AC +3
a: Berserk, Renounce Religion


You were on level 2 of the Dungeon.
You worshipped Trog.
Trog was aware of your devotion.
You were near starving.

You visited 1 branch of the dungeon, and saw 2 of its levels.

You collected 58 gold pieces.

Inventory:

Hand Weapons
 a - a +0 hand axe (weapon)
Armour
 b - a +0 animal skin (worn)
Scrolls
 d - a scroll of identify {unknown}
Potions
 e - a potion of lignification {unknown}
 g - a potion of magic {unknown}
Comestibles
 c - 3 rations
 f - 2 chunks of flesh


   Skills:
 * Level 3.7 Fighting
 * Level 3.1 Axes
 * Level 1.1 Throwing
 + Level 2.4 Armour
 - Level 1.5 Dodging


You had 2 spell levels left.
You didn't know any spells.
Your spell library was empty.

Dungeon Overview and Level Annotations

Branches:
Dungeon (2/15)

Altars:


Innate Abilities, Weirdness & Mutations

You are resistant to torment.
Your stone body is resilient. (AC +3)
You are immune to poison.
You resist negative energy. (rN+)
You are resistant to electric shocks. (rElec)
You can survive without breathing.
You are immune to petrification.
You are immune to rotting.


Message History

You hit the worm.
The worm is moderately wounded.
The worm closely misses you.
You slash the worm!
The worm is severely wounded.
The worm bites you.
* * * LOW HITPOINT WARNING * * *
You hit the worm.
You kill the worm!
Trog accepts your kill. The adder bites you but does no damage.
The adder barely misses you.
You barely miss the adder. The adder misses you. The adder bites you.
* * * LOW HITPOINT WARNING * * *
You slash the adder!
The adder is almost dead.
The adder barely misses you. The adder closely misses you.
You barely miss the adder.
The adder is almost dead.
The adder bites you.
You die...

#.....###### #.....#
#.....# #####...##
## #.......#####...#
#.####..........#
###.#.......###...
#.....#####)#
#.#÷#.# #@# ##.#.#.#
#S# #......#
#........
#.#.##.#####.#.g#...
#... #............
##.# #.......# ##w..
#. #.......# .. #.
#.......# # #.
#.......#


You could see an adder.

Vanquished Creatures
  An adder (D:2)
  An ooze (D:2)
  2 worms (D:2)
  A dart slug (D:1)
  2 bats
  A goblin (D:2)
  2 hobgoblins
  A kobold (D:1)
  3 rats
14 creatures vanquished.

Notes
Turn   | Place    | Note
-------+----------+-------------------------------------------
     0 | D:1      | shmeve the Gargoyle Berserker began the quest for the Orb.
     0 | D:1      | Reached XP level 1. HP: 14/14 MP: 1/1
   860 | D:1      | Reached XP level 2. HP: 19/19 MP: 2/2
  1027 | D:2      | Reached skill level 1 in Throwing
  1027 | D:2      | Reached XP level 3. HP: 7/24 MP: 3/3
  1063 | D:2      | HP: 1/24 [adder (3)]
  1065 | D:2      | Slain by an adder

Illustrated notes

Levels and vault maps discovered:
D:1:      scummos_arrival_simple_fountains, layout_basic
D:2:      layout_loops_cross, chequers_ecumenical_altar_simple_redux,
          minivault_14, grunt_ministairs_5, doesnt_xom_only_xom

Skill      XL: |  1  2 |
---------------+-------+-----
Axes           | 3 |  3.1
Throwing       | 1 |  1.1
Fighting       | |  3.7
Armour         | |  2.4
Dodging        | |  1.5

Action                   || total
-------------------------++-------
Melee: Hand axe          ||    72
Invok: Berserk           ||     1
Armor: Animal skin       ||    26
Dodge: Dodged            ||    57
